 Dungeon Crawl Stone Soup version 0.26.1-2-gb8aa6d0cf2 (webtiles) character file.

Game seed: 8044755541540503215

118 Amaterasu the Cudgeller (level 4, -3/37 HPs)
             Began as a Demonspawn Chaos Knight on Feb 15, 2021.
             Was a Plaything of Xom.
             Slain by an orc warrior
             ... wielding a +0 halberd
              (22 damage)
             ... on level 2 of the Dungeon.
             The game lasted 00:02:01 (1833 turns).

Amaterasu the Cudgeller (Demonspawn Chaos Knight)   Turns: 1833, Time: 00:02:01

Health: -3/37      AC:  8    Str: 13    XL:     4   Next: 72%
Magic:  4/4        EV: 11    Int: 14    God:    Xom [*.....]
Gold:   70         SH:  0    Dex: 12    Spells: 3/3 levels left

rFire    . . .     SeeInvis .   a - +1 mace (chaos)
rCold    . . .     Faith    .   (no shield)
rNeg     . . .     Spirit   .   b - +2 leather armour
rPois    .         Reflect  .   (no helmet)
rElec    .         Harm     .   (no cloak)
rCorr    .         Rampage  .   (no gloves)
Will     .....                  d - +0 pair of boots
Stlth    +.........             (no amulet)
HPRegen  0.12/turn              (no ring)
MPRegen  0.09/turn              (no ring)

@: no status effects
A: iridescent scales 1, powered by death 1
a: Renounce Religion


You were on level 2 of the Dungeon.
You worshipped Xom.
You were a special plaything of Xom.
You visited 1 branch of the dungeon, and saw 2 of its levels.

You collected 70 gold pieces.

Inventory:

Hand Weapons
 a - a +1 mace of chaos (weapon)
Armour
 b - a +2 leather armour (worn)
 d - a +0 pair of boots (worn)
Scrolls
 e - a scroll of identify
 h - a scroll of enchant weapon
Potions
 c - a potion of lignification {unknown}
 f - a potion of ambrosia
 g - 2 potions of curing {unknown}


   Skills:
 * Level 4.0 Fighting
 * Level 4.3 Maces & Flails
 - Level 1.7 Armour
 - Level 0.8 Dodging


You had 3 spell levels left.
You didn't know any spells.
Your spell library was empty.

Dungeon Overview and Level Annotations

Branches:
Dungeon (2/15)

Altars:
Elyvilon
Ru


Innate Abilities, Weirdness & Mutations

You are partially covered in iridescent scales. (AC +2)
You regenerate a little health from kills.


Message History

You see here 27 arrows.
Key pressed, stopping explore.
An orc warrior comes into view. It is wielding a +0 halberd.
An orc warrior is nearby!
An orc comes into view. It is wielding a +0 club.
Okay, then.
You aren't carrying any items that you can evoke.
Okay, then.
You closely miss the orc warrior.
The orc warrior hits you with a +0 halberd!
You hit the orc warrior but do no damage.
The orc warrior hits you with a +0 halberd!
You hit the orc warrior but do no damage.
The orc warrior barely misses you.
You hit the orc warrior.
The orc warrior seems to grow stronger.
The orc warrior is lightly wounded.
The orc warrior hits you with a +0 halberd!!
Ouch! That really hurt!
You die...
Xom roars with laughter!

#########
#####.......#
#.......###.#
#.###.#.# #.#
o..##.###.#.###.#
........@.(..##.#
...##.###o.†.##.#
#.o.(....##.#
####.....##.#
##.......#########
##.#.####........
#.#..........##.
#.######.###.##.
#+# #.# #.##.


You could see an orc warrior (strong).

Vanquished Creatures
  A howler monkey (D:2)
  An adder (D:2)
  An ooze (D:1)
  3 worms (D:2)
  A dart slug (D:1)
  2 leopard geckos (D:2)
  A ball python (D:2)
  8 giant cockroaches
  5 goblins
  10 hobgoblins
  3 jackals (D:1)
  3 bats
  2 frilled lizards
  3 kobolds
  4 rats
48 creatures vanquished.

Notes
Turn   | Place    | Note
-------+----------+-------------------------------------------
     0 | D:1      | Amaterasu the Demonspawn Chaos Knight began the quest for
                  | the Orb.
     0 | D:1      | Reached XP level 1. HP: 18/18 MP: 1/1
   258 | D:1      | Gained mutation: You are partially covered in iridescent
                  | scales. (AC +2) [demonic ancestry]
   258 | D:1      | Reached XP level 2. HP: 24/24 MP: 2/2
   825 | D:1      | Reached XP level 3. HP: 29/29 MP: 3/3
  1187 | D:2      | Found a white marble altar of Elyvilon.
  1451 | D:2      | Gained mutation: You regenerate a little health from kills.
                  | [demonic ancestry]
  1451 | D:2      | Reached XP level 4. HP: 29/37 MP: 4/4
  1719 | D:2      | Found a sacrificial altar of Ru.
  1796 | D:2      | XOM: confusion
  1822 | D:2      | Noticed an orc warrior
  1833 | D:2      | Slain by an orc warrior

Illustrated notes

Levels and vault maps discovered:
D:1:      scummos_arrival_simple_fountains, layout_loops_ring
D:2:      layout_loops_corners, nicolae_ru_the_path_less_chosen,
          elyvilon_altar_1

Skill      XL: |  1  2  3  4 |
---------------+-------------+-----
Maces & Flails | 3 4 |  4.3
Fighting       | 4 |  4.0
Armour         | |  1.7
Dodging        | |  0.8

Action                   |  1- 3 |  4- 6 || total
-------------------------+-------+-------++-------
Melee: Mace              |   112 |    25 ||   137
  Use: Scroll            |     5 |       ||     5
 Stab: Sleeping          |     2 |       ||     2
Armor: Leather armour    |    55 |     4 ||    59
Dodge: Dodged            |    80 |    15 ||    95
